 Dungeon Crawl Stone Soup version 0.27-a0-1565-gad902ab807 (webtiles) character file.

Game seed: 17107344443287822129

25 elagabalus the Chucker (level 3, -5/36 HPs)
             Began as an Ogre Hunter on July 17, 2021.
             Slain by a worm (9 damage)
             ... on level 2 of the Dungeon.
             The game lasted 00:09:55 (1289 turns).

elagabalus the Chucker (Ogre Hunter)                Turns: 1289, Time: 00:09:55

Health: -5/36      AC:  3    Str: 17    XL:     3   Next: 6%
Magic:  3/3        EV:  9    Int: 12    God:
Gold:   96         SH:  0    Dex:  9    Spells: 2/2 levels left

rFire    . . .     SeeInvis .   h - +0 club
rCold    . . .     Faith    .   (no shield)
rNeg     . . .     Spirit   .   b - +0 robe
rPois    .         Reflect  .   (helmet restricted)
rElec    .         Harm     .   (no cloak)
rCorr    .         Rampage  .   (gloves unavailable)
Will     .....                  (boots unavailable)
Stlth    +.........             (no amulet)
HPRegen  0.12/turn              (no ring)
MPRegen  0.08/turn              (no ring)

@: no status effects
A: large, unfitting armour, tough skin 1
a: no special abilities


You were on level 2 of the Dungeon.
You visited 1 branch of the dungeon, and saw 2 of its levels.

You collected 96 gold pieces.

Inventory:

Hand Weapons
 h - a +0 club (weapon)
Missiles
 c - 5 large rocks
 d - 2 throwing nets
 f - 43 stones (quivered)
Armour
 b - a +0 robe (worn)
Jewellery
 j - an amulet of regeneration
Scrolls
 a - a scroll of identify {unknown}
 g - a scroll of teleportation {unknown}
Potions
 e - a potion of might {unknown}
 i - a potion of flight {unknown}


   Skills:
 - Level 2.6 Fighting
 * Level 4.9 Throwing
 - Level 1.7 Dodging
 - Level 0.6 Stealth


You had 2 spell levels left.
You didn't know any spells.
Your spell library was empty.

Dungeon Overview and Level Annotations

Branches:
Dungeon (2/15)

Altars:

Annotations:
D:2 Sigmund


Innate Abilities, Weirdness & Mutations

You are too large for most types of armour.
You have tough skin. (AC +1)


Message History

You hit the worm but do no damage.
The worm is severely wounded.
The worm bites you.
You hit the worm.
The worm is almost dead.
The worm closely misses you.
You barely miss the worm.
The worm is almost dead.
You hit the worm but do no damage.
The worm is almost dead.
The worm bites you but does no damage.
You barely miss the worm.
The worm is severely wounded.
The worm bites you.
You hit the worm.
The worm is almost dead.
The worm bites you.
You hit the worm but do no damage.
The worm is severely wounded.
You hit the worm.
The worm is almost dead.
The worm bites you.
* * * LOW HITPOINT WARNING * * *
You hit the worm but do no damage.
The worm is almost dead.
The worm bites you.
* * * LOW HITPOINT WARNING * * *
You hit the worm.
The worm is almost dead.
The worm bites you.
* * * LOW HITPOINT WARNING * * *
You hit the worm.
The worm is almost dead.
The worm closely misses you.
You barely miss the worm.
The worm is almost dead.
You barely miss the worm.
The worm is almost dead.
The worm bites you!
You die...

.....#.#.#
...<...#.######
.......#......#
.......#..)...#
...#..........#
...#.#........#
#.##....<.....## #
#....?(#.......###.#
.......(.......w@..#
....#.........#####
... #.........#
..............# #
#..........)#
.......#######
....... ..###.


You could see a worm.

Vanquished Creatures
  3 ball pythons (D:1)
  A bat (D:1)
  5 endoplasms (D:1)
  3 goblins
  2 hobgoblins (D:1)
  3 kobolds (D:1)
  A quokka (D:1)
  A frilled lizard (D:1)
  A rat (D:1)
20 creatures vanquished.

Notes
Turn   | Place    | Note
-------+----------+-------------------------------------------
     0 | D:1      | elagabalus the Ogre Hunter began the quest for the Orb.
     0 | D:1      | Reached XP level 1. HP: 22/22 MP: 1/1
   311 | D:1      | Reached XP level 2. HP: 24/29 MP: 2/2
   767 | D:1      | Reached XP level 3. HP: 30/36 MP: 3/3
  1232 | D:2      | Noticed Sigmund
  1289 | D:2      | Slain by a worm

Illustrated notes

Levels and vault maps discovered:
D:1:      nicolae_arrival_somewhat_less_tricky_arrival, layout_loops_corners,
          kennysheep_pointless_box
D:2:      layout_basic, shapermc_ecumenical_altar_petra, minmay_ruptured,
          uniq_sigmund, uniq_crazy_yiuf_cottage

Action                   || total
-------------------------++-------
Melee: Short sword       ||    39
       Club              ||    48
Throw: Large rock        ||     1
       Stone             ||    29
Armor: Robe              ||    15
Dodge: Dodged            ||    26

Table legend: (Time is in decaauts)
 A = Elapsed time spent in this place.
 B = Non-inter-level travel time spent in this place.
 C = Inter-level travel time spent in this place.
 D = Time resting spent in this place.
 E = Time spent auto-exploring this place.
 F = Levels seen in this place.
 G = Mean time per level.
                   A        B        C        D        E       F      G
               +--------+--------+--------+--------+--------+-----+--------+
         Total |   1304 |    278 |   1026 |      0 |      0 |   2 |  652.0 |
       Dungeon |   1304 |    278 |   1026 |      0 |      0 |   2 |  652.0 |
               +--------+--------+--------+--------+--------+-----+--------+

Top non-repeatable levels by time:
     D:1: 1256 daAuts
     D:2: 47 daAuts
